[Event "Titled Tuesday Blitz January 10 Early 2023"]
[White "Buksa, Nataliya"]
[Black "Real_taiatai"]
[WhiteFideId "14123622"]
[WhiteElo "2406"]
[BlackElo "2318"]
[Result "1-0"]
[Round "07"]
[TimeControl "180+2"]
[Date "2023.01.10"]
[WhiteClock "0:01:13"]
[BlackClock "0:00:10"]

1. d4 Nf6 2. Nc3 g6 3. e4 d6 4. Bg5 Bg7 5. e5 Nfd7 6. f4 h6 7. Bh4 O-O 8. Nf3 Re8 9. Bc4 c5 10. e6 fxe6 11. Bxe6+ Kh7 12. d5 Nf6 13. Qd3 Bxe6 14. dxe6 Qc8 15. f5 Nc6 16. O-O-O Kg8 17. Rhe1 Nb4 18. Qd2 b5 19. fxg6 a5 20. Bxf6 exf6 21. Qxd6 Ra7 22. e7 Qf5 23. Rd2 h5 24. Qd8 Rxe7 25. Rxe7 Rxd8 26. Rxd8+ Bf8 27. Ne4 Qf4+ 28. Kb1 Nc6 29. Rxf8+ Kxf8 30. Rf7+ Ke8 31. Nxf6+ Kd8 32. g7 Ne7 33. Rxe7 Kxe7 34. Nd5+ 1-0


[Site "https://www.chess.com"]

[Event "Titled Tuesday Blitz January 10 Early 2023"]
[White "Makhmudov, Shukhrat"]
[Black "Tikhonov, Viacheslav"]
[WhiteFideId "14200775"]
[BlackFideId "44196407"]
[WhiteElo "2115"]
[BlackElo "2220"]
[Result "0-1"]
[Round "07"]
[TimeControl "180+2"]
[Date "2023.01.10"]
[WhiteClock "0:00:02"]
[BlackClock "0:00:03"]

1. e4 c5 2. Nf3 Nc6 3. d4 cxd4 4. Nxd4 g6 5. Nxc6 bxc6 6. Qd4 Nf6 7. e5 Nd5 8. Nc3 Nxc3 9. e6 f6 10. Qxc3 dxe6 11. Qxc6+ Bd7 12. Qe4 Kf7 13. Bc4 Rc8 14. O-O Qc7 15. Bb3 Qc6 16. Qe2 Kg7 17. Rd1 e5 18. Qe3 h5 19. Qxa7 Bg4 20. f3 Bf5 21. Be3 Rc7 22. Qa5 e6 23. Rd2 h4 24. h3 Be7 25. Rad1 Rb8 26. c3 e4 27. f4 Rcb7 28. Kh2 Kf7 29. Ba4 Qc4 30. Bb3 Qc6 31. Ba4 Qc4 32. Bb3 Qc8 33. Qa6 Qc7 34. Qe2 g5 35. Qf2 Rd8 36. Kh1 Rxd2 37. Rxd2 Kg6 38. fxg5 fxg5 39. Qe2 Rb8 40. Bd1 Kg7 41. Bd4+ e5 42. Be3 Rd8 43. Qf2 Rxd2 44. Bxd2 Kg6 45. Qe2 Kg7 46. Qh5 Bg6 47. Qe2 Qd7 48. Bc2 Qd5 49. Bb3 Qc6 50. Be3 Bf6 51. Qd2 Bh5 52. Bxg5 e3 53. Qxe3 Qd7 54. Bxf6+ Kxf6 55. Qh6+ Bg6 56. Qxh4+ Kg7 57. Qg3 Qd2 0-1


[Site "https://www.chess.com"]

[Event "Titled Tuesday Blitz January 10 Early 2023"]
[White "Lacasa Diaz, Jose Antonio"]
[Black "Musovic, Armin"]
[WhiteFideId "2203375"]
[BlackFideId "939935"]
[WhiteElo "2359"]
[BlackElo "2261"]
[Result "1/2-1/2"]
[Round "07"]
[TimeControl "180+2"]
[Date "2023.01.10"]
[WhiteClock "0:00:18"]
[BlackClock "0:00:14"]

1. e4 c6 2. d4 d5 3. e5 c5 4. c4 Nc6 5. Nf3 cxd4 6. Nxd4 e6 7. Nc3 Bb4 8. Nxc6 bxc6 9. cxd5 Qxd5 10. Qxd5 exd5 11. Bd2 Ne7 12. Bd3 O-O 13. a3 Bf5 14. Bxf5 Bxc3 15. Bxh7+ Kxh7 16. Bxc3 c5 17. O-O Rfe8 18. f4 d4 19. Bd2 c4 20. Rac1 Rac8 21. Rfd1 Nd5 22. g3 f6 23. exf6 gxf6 24. Kf2 f5 25. Re1 Rxe1 26. Rxe1 c3 27. bxc3 dxc3 28. Bc1 c2 29. Re5 Nc3 30. Ke3 Na2 31. Kd2 Rd8+ 32. Kxc2 Rc8+ 33. Kb2 Nxc1 34. Rxf5 Nd3+ 35. Kb3 Kg6 36. Rd5 Nc5+ 37. Kb4 Ne4 38. Re5 Rb8+ 39. Ka5 Nf2 40. Ka6 Nd3 41. Rg5+ Kf6 42. Kxa7 Rb3 43. Ra5 Rb2 44. h4 Rg2 45. Rg5 Ra2 46. Ra5 Rg2 47. Rg5 Ra2 48. h5 Rxa3+ 49. Kb6 Nf2 50. g4 Rh3 51. Rg6+ Kf7 52. f5 Nxg4 53. Rxg4 Rxh5 54. Rf4 Kf6 55. Kc5 Rxf5+ 56. Rxf5+ Kxf5 1/2-1/2


[Site "https://www.chess.com"]

[Event "Titled Tuesday Blitz January 10 Early 2023"]
[White "Campbell, Charles"]
[Black "Goltseva, Ekaterina"]
[WhiteFideId "8500436"]
[BlackFideId "24173770"]
[WhiteElo "2179"]
[BlackElo "2283"]
[Result "0-1"]
[Round "07"]
[TimeControl "180+2"]
[Date "2023.01.10"]
[WhiteClock "0:00:17"]
[BlackClock "0:01:25"]

1. d4 d5 2. Nf3 Nf6 3. c4 dxc4 4. e3 Bg4 5. Bxc4 e6 6. O-O a6 7. a4 Nc6 8. Nc3 Bd6 9. Be2 O-O 10. h3 Bh5 11. Ne1 Bxe2 12. Qxe2 e5 13. d5 Nb4 14. e4 c6 15. dxc6 Nxc6 16. Be3 h6 17. Nf3 Qe7 18. Rfd1 Bc5 19. Nd5 Nxd5 20. Rxd5 Bxe3 21. Qxe3 Rfd8 22. Rad1 Qb4 23. Rxd8+ Rxd8 24. Rxd8+ Nxd8 25. Nxe5 Qxb2 26. Qd3 Qa1+ 27. Kh2 Qxe5+ 28. g3 Nc6 29. Qd7 Qe7 30. Qc8+ Kh7 31. Qf5+ g6 32. Qd5 Qe6 33. Qd3 Ne5 34. Qe2 Qc4 35. Qe3 Qxa4 36. Qf4 Qd4 37. Kg2 Kg7 38. h4 h5 39. f3 Nd3 40. Qd2 b5 41. Kh2 b4 42. Qc2 Qb2 43. Qxb2+ Nxb2 44. f4 Nd3 45. e5 b3 46. Kg2 b2 47. Kf3 b1=Q 48. Ke3 a5 49. Kd4 a4 50. Kd5 a3 51. Kd6 a2 0-1


[Site "https://www.chess.com"]

[Event "Titled Tuesday Blitz January 10 Early 2023"]
[White "Luxama, Jacques Muller"]
[Black "Mkrtchian, Lilit"]
[WhiteFideId "11900113"]
[BlackFideId "13300601"]
[WhiteElo "1933"]
[BlackElo "2389"]
[Result "0-1"]
[Round "07"]
[TimeControl "180+2"]
[Date "2023.01.10"]
[WhiteClock "0:00:04"]
[BlackClock "0:00:07"]

1. e4 e6 2. c4 d5 3. exd5 exd5 4. d4 Nf6 5. Nf3 Bb4+ 6. Nc3 O-O 7. Be2 dxc4 8. Bxc4 Re8+ 9. Be2 Qe7 10. h3 Nc6 11. Be3 Nd5 12. Bd2 Bxc3 13. bxc3 Bf5 14. Kf1 Rad8 15. c4 Ndb4 16. Bc3 Nc2 17. Rc1 N2xd4 18. Bxd4 Nxd4 19. Nxd4 c5 20. Bf3 Rxd4 21. Qb3 Rd2 22. Kg1 Qh4 23. g3 Qd4 24. Rf1 Bd3 25. Kg2 Bxf1+ 26. Rxf1 Re1 27. Qxb7 g6 28. Bd5 Qf6 29. Qc8+ Kg7 30. Bf3 Rxf1 31. Kxf1 Qd4 32. Be2 Qa1+ 33. Kg2 Rxe2 34. Qg4 Qb2 35. Qf3 Qxa2 36. h4 Qxc4 37. h5 gxh5 38. Qxh5 Qe4+ 39. Kh2 Rxf2+ 40. Kh3 Qh1+ 41. Kg4 f5+ 42. Kg5 Qxh5+ 43. Kxh5 c4 0-1


[Site "https://www.chess.com"]

[Event "Titled Tuesday Blitz January 10 Early 2023"]
[White "Lakshmi C"]
[Black "Martynov, Pavel"]
[WhiteFideId "25035347"]
[BlackFideId "4101260"]
[WhiteElo "1928"]
[BlackElo "2414"]
[Result "1-0"]
[Round "07"]
[TimeControl "180+2"]
[Date "2023.01.10"]
[WhiteClock "0:00:06"]
[BlackClock "0:00:12"]

1. e4 c5 2. Nf3 e6 3. d4 cxd4 4. Nxd4 Nc6 5. Nc3 Qc7 6. a3 a6 7. Be3 Nf6 8. Be2 Ne5 9. Bf4 b5 10. Bg3 Bb7 11. f3 h5 12. O-O h4 13. Bf4 Bc5 14. Kh1 Rc8 15. Nb3 Bd6 16. Qd2 Nc4 17. Bxd6 Nxd2 18. Bxc7 Nxb3 19. cxb3 Rxc7 20. Rad1 d5 21. exd5 Nxd5 22. Ne4 Ne3 23. Rc1 Rd7 24. Rfe1 h3 25. g3 Nf5 26. Nc5 Bd5 27. Nxd7 Kxd7 28. a4 Nd4 29. Bd1 b4 30. Kg1 Bxf3 31. Kf2 Bd5 32. Be2 Nxb3 33. Rcd1 Nc5 34. Bf3 Kc6 35. Bxd5+ exd5 36. Rd4 a5 37. Re5 Rd8 38. Rf5 Rd7 39. Ke3 f6 40. g4 Ne6 41. Rd1 d4+ 42. Kd3 Nc5+ 43. Kc4 Ne6 44. Re1 Kd6 45. Rd5+ Kc6 46. Rxd7 Kxd7 47. Kd5 Nf4+ 48. Kxd4 Kd6 49. Re3 Ne6+ 50. Kc4 Nf4 51. Kb5 g5 52. Rg3 Kd5 53. Kxa5 Kc4 54. Kb6 Nd5+ 55. Kb7 b3 56. a5 Nb4 57. a6 Nxa6 58. Kxa6 Kd4 59. Ka5 Ke4 60. Rxb3 Kf4 61. Rg3 f5 62. gxf5 g4 63. b4 Kxf5 64. b5 Kg5 65. b6 Kf5 66. Ka6 Kg5 67. Ka7 Kf5 68. b7 Kg5 69. b8=Q Kh4 70. Qh8+ Kg5 71. Qg7+ Kh4 72. Qxg4# 1-0


[Site "https://www.chess.com"]

[Event "Titled Tuesday Blitz January 10 Early 2023"]
[White "Defend, Balint"]
[Black "Fabris, Alberto"]
[WhiteFideId "17004853"]
[BlackFideId "801348"]
[WhiteElo "1673"]
[BlackElo "2230"]
[Result "1-0"]
[Round "07"]
[TimeControl "180+2"]
[Date "2023.01.10"]
[WhiteClock "0:00:18"]
[BlackClock "0:00:02"]

1. e4 c5 2. Nf3 d6 3. c3 Nf6 4. h3 g6 5. Bd3 Bg7 6. Bc2 Nc6 7. d4 cxd4 8. cxd4 O-O 9. O-O Nb4 10. Bb3 d5 11. e5 Ne4 12. Nc3 Nxc3 13. bxc3 Nc6 14. Bf4 Na5 15. Bc2 Nc4 16. Qc1 Qa5 17. Bd3 b5 18. h4 Qa3 19. Qe1 a5 20. h5 b4 21. Rc1 bxc3 22. Rxc3 Qxa2 23. Bc2 a4 24. Bc1 Qa1 25. Ng5 a3 26. Rg3 Qxd4 27. Nxh7 Qxe5 28. Qd1 Bf5 29. Nxf8 Kxf8 30. hxg6 fxg6 31. Bxf5 Qxf5 32. Rf3 a2 33. Rxf5+ gxf5 34. Qxd5 a1=Q 35. Bb2 Qa4 36. Qxf5+ Kg8 37. Qe6+ Kf8 38. Bxg7+ Kxg7 39. Qxe7+ Kg6 40. Qe6+ Kg7 41. Qg4+ Kf6 42. Re1 Qc6 43. Qd4+ 1-0


[Site "https://www.chess.com"]

[Event "Titled Tuesday Blitz January 10 Early 2023"]
[White "surrenderPLS"]
[Black "Larina, Maria"]
[BlackFideId "24113182"]
[WhiteElo "2533"]
[BlackElo "1948"]
[Result "1-0"]
[Round "07"]
[TimeControl "180+2"]
[Date "2023.01.10"]
[WhiteClock "0:01:41"]
[BlackClock "0:00:52"]

1. e4 c6 2. d4 d5 3. e5 c5 4. Nf3 Nc6 5. dxc5 Bg4 6. c3 e6 7. Be3 Bxf3 8. Qxf3 Nxe5 9. Qg3 Nc6 10. Nd2 Nf6 11. b4 d4 12. cxd4 Nxd4 13. O-O-O Nf5 14. Bb5+ Nd7 15. Qf3 Nxe3 16. fxe3 Qc7 17. Ne4 O-O-O 18. Qxf7 a6 19. Bxd7+ Rxd7 20. Qxe6 Be7 21. Rd2 Rd8 22. Rhd1 b6 23. c6 1-0


[Site "https://www.chess.com"]

[Event "Titled Tuesday Blitz January 10 Early 2023"]
[White "Adam, Ernestina"]
[Black "Florescu, Codrut-Constantin"]
[WhiteFideId "165883"]
[BlackFideId "1202200"]
[WhiteElo "2040"]
[BlackElo "2259"]
[Result "0-1"]
[Round "07"]
[TimeControl "180+2"]
[Date "2023.01.10"]
[WhiteClock "0:00:14"]
[BlackClock "0:01:30"]

1. e4 c5 2. Nf3 e6 3. c3 Nf6 4. e5 Nd5 5. d4 cxd4 6. cxd4 d6 7. Bc4 Nc6 8. Bxd5 exd5 9. O-O Be7 10. h3 O-O 11. Nc3 Be6 12. Qd3 a6 13. a3 Rc8 14. Bf4 Na5 15. exd6 Bxd6 16. Bxd6 Qxd6 17. Ng5 g6 18. Qf3 Nc4 19. Qe2 Bf5 20. b3 Rfe8 21. Qf3 Nb6 22. g4 Be6 23. Ne2 h6 24. h4 hxg5 25. hxg5 Bd7 26. Kg2 Re4 27. Ng3 Bxg4 28. Qd3 Rce8 29. Rh1 Qf4 30. Rh6 Re3 31. Rxg6+ Kf8 32. fxe3 Qf3+ 33. Kh2 Qf2+ 34. Kh1 Bf3# 0-1


[Site "https://www.chess.com"]

[Event "Titled Tuesday Blitz January 10 Early 2023"]
[White "Nogerbek, Kazybek"]
[Black "Szyszylo, Rafal"]
[WhiteFideId "13710427"]
[BlackFideId "1109626"]
[WhiteElo "2474"]
[BlackElo "2091"]
[Result "1-0"]
[Round "07"]
[TimeControl "180+2"]
[Date "2023.01.10"]
[WhiteClock "0:00:48"]
[BlackClock "0:00:05"]

1. d4 g6 2. e4 d6 3. Nf3 Nf6 4. Nc3 Bg7 5. Bc4 O-O 6. O-O Bg4 7. h3 Bxf3 8. Qxf3 Nc6 9. Be3 e5 10. dxe5 Nxe5 11. Qe2 Nxc4 12. Qxc4 Re8 13. Rfe1 c6 14. Rad1 Qc7 15. Nb5 Qa5 16. Nxd6 Re7 17. Bc5 b5 18. Qb3 Rd8 19. f3 Nd7 20. Nb7 Nxc5 21. Nxa5 Rxd1 22. Rxd1 Nxb3 23. Rd8+ Bf8 24. axb3 Kg7 25. Nxc6 Rc7 26. Nd4 Bc5 27. c3 b4 28. Kf1 bxc3 29. bxc3 Be7 30. Re8 Bf6 31. e5 Bg5 32. c4 Be3 33. Nb5 Rb7 34. Ke2 Bg1 35. f4 a6 36. Nd6 Rb4 37. Re7 Rxb3 38. Rxf7+ Kg8 39. Kd2 Be3+ 40. Kc2 Ra3 41. e6 Ra2+ 42. Kd3 Rd2+ 43. Kxe3 Rxd6 44. Re7 Kf8 45. Rxh7 Rxe6+ 46. Kd4 Re2 47. g4 Rf2 48. Ke5 Rc2 49. Kf6 Rxc4 50. Rh8# 1-0


[Site "https://www.chess.com"]

[Event "Titled Tuesday Blitz January 10 Early 2023"]
[White "Sattarov, Bobir"]
[Black "Karabalis, Harilos"]
[WhiteFideId "14203081"]
[BlackFideId "4621808"]
[WhiteElo "2366"]
[BlackElo "2252"]
[Result "1/2-1/2"]
[Round "07"]
[TimeControl "180+2"]
[Date "2023.01.10"]
[WhiteClock "0:00:06"]
[BlackClock "0:00:10"]

1. e4 Nf6 2. e5 Nd5 3. c4 Nb6 4. d4 d6 5. exd6 cxd6 6. Nc3 g6 7. Be3 Bg7 8. Rc1 O-O 9. b3 Bf5 10. Be2 d5 11. c5 Nc8 12. Bf3 e6 13. g4 Be4 14. Nxe4 dxe4 15. Bxe4 Nc6 16. Ne2 N8e7 17. O-O Nd5 18. Bg2 Qh4 19. h3 Rad8 20. Qd2 h6 21. Rcd1 f5 22. gxf5 gxf5 23. f4 Kh8 24. Bf2 Qe7 25. Nc3 Nxc3 26. Qxc3 Bf6 27. Kh1 Rg8 28. Rg1 Rg6 29. Qc4 Rdg8 30. d5 exd5 31. Bxd5 R8g7 32. Rxg6 Rxg6 33. Bf3 Bh4 34. Qc3+ Kh7 35. Bxh4 Qxh4 36. Rd7+ Ne7 37. Bg2 Rg7 38. Qe3 Qf6 39. Kh2 Rxg2+ 40. Kxg2 Qc6+ 41. Kg3 Qxd7 42. Qe5 Nc6 43. Qe3 Qg7+ 44. Kh2 Nd4 45. Qd3 Qd7 46. b4 Qd5 47. Kg3 Qe4 48. Qf1 Qe3+ 49. Kg2 Ne2 50. b5 Nxf4+ 51. Kh2 Qe5 52. c6 bxc6 53. bxc6 Ne2+ 54. Kg2 Qg3+ 55. Kh1 Nf4 56. c7 Nxh3 57. c8=Q Nf2+ 58. Qxf2 Qxf2 59. Qd7+ Kg6 60. Qe6+ Kg5 61. Qe7+ Kf4 62. Qc7+ Ke3 63. Qxa7+ Ke2 64. Qxf2+ Kxf2 65. a4 Ke3 66. a5 f4 67. Kg1 Ke2 68. a6 f3 69. a7 f2+ 70. Kh2 f1=Q 71. a8=Q Qf2+ 72. Kh3 Qf3+ 73. Qxf3+ Kxf3 74. Kh4 Kf4 75. Kh5 Kf5 76. Kxh6 1/2-1/2


[Site "https://www.chess.com"]

[Event "Titled Tuesday Blitz January 10 Early 2023"]
[White "Kamalidenova, Meruert"]
[Black "Tasev, Dejan"]
[WhiteFideId "13712802"]
[BlackFideId "936618"]
[WhiteElo "2350"]
[BlackElo "2205"]
[Result "1-0"]
[Round "07"]
[TimeControl "180+2"]
[Date "2023.01.10"]
[WhiteClock "0:00:16"]
[BlackClock "0:00:02"]

1. e4 c6 2. d3 d5 3. Nf3 g6 4. Nbd2 Bg7 5. d4 dxe4 6. Nxe4 Nf6 7. Nxf6+ exf6 8. Bc4 O-O 9. O-O Nd7 10. c3 b5 11. Bd3 Nb6 12. Be4 Qc7 13. b3 Be6 14. Qc2 Rad8 15. g3 f5 16. Bf4 Qc8 17. Bd3 Bd5 18. Nd2 h6 19. Rfe1 Rfe8 20. h4 Be6 21. Bf1 b4 22. cxb4 Rxd4 23. Nf3 Rxf4 24. gxf4 Nd5 25. Rac1 Nxf4 26. Qxc6 Qb8 27. Red1 Rc8 28. Qa6 Rxc1 29. Rxc1 Qxb4 30. Qxa7 Bd5 31. Qe3 Ne6 32. Bc4 Qb7 33. Bxd5 Qxd5 34. b4 f4 35. Qe2 Qf5 36. b5 Qg4+ 37. Kh2 Nd4 38. Nxd4 Qxh4+ 39. Kg2 Bxd4 40. Rc4 Qg5+ 41. Kf1 Qd5 42. f3 Bf6 43. Rxf4 Kg7 44. a4 Qd7 45. Kg2 Bg5 46. Re4 Bf6 47. b6 Qc6 48. a5 Qc5 49. b7 Qa7 50. a6 Qb6 51. Re8 Qa5 52. b8=Q Qg5+ 53. Qg3 Qa5 54. Rc8 h5 55. Qf4 Bg5 56. Qb2+ 1-0


[Site "https://www.chess.com"]

[Event "Titled Tuesday Blitz January 10 Early 2023"]
[White "Klose, Eli"]
[Black "marik_spb"]
[WhiteFideId "16242955"]
[WhiteElo "1519"]
[BlackElo "2432"]
[Result "0-1"]
[Round "07"]
[TimeControl "180+2"]
[Date "2023.01.10"]
[WhiteClock "0:00:11"]
[BlackClock "0:00:20"]

1. e4 c6 2. d4 d5 3. Nc3 dxe4 4. Nxe4 Nf6 5. Ng3 h5 6. Nf3 h4 7. Ne2 h3 8. g3 Bg4 9. Nf4 e5 10. Qe2 Bxf3 11. Qxf3 exf4 12. Bxf4 Qxd4 13. Qb3 Qe4+ 14. Be3 Nbd7 15. O-O-O Be7 16. Bc4 O-O 17. Rhe1 Qg2 18. Bf1 Qf3 19. Be2 Qg2 20. Rg1 Qe4 21. g4 Bc5 22. g5 Bxe3+ 23. fxe3 Nd5 24. Kb1 Nc5 25. Qa3 Qxe3 26. Qxe3 Nxe3 27. Rde1 Ng2 28. Ref1 Rae8 29. Bc4 Ne3 30. Rf4 Nxc4 31. Rd4 Nb6 32. Rc4 Re5 33. g6 Nxc4 0-1


[Site "https://www.chess.com"]

[Event "Titled Tuesday Blitz January 10 Early 2023"]
[White "Womacka, Mathias"]
[Black "Stanojevic, Ilija"]
[WhiteFideId "4611390"]
[BlackFideId "959995"]
[WhiteElo "2396"]
[BlackElo "2142"]
[Result "0-1"]
[Round "07"]
[TimeControl "180+2"]
[Date "2023.01.10"]
[WhiteClock "0:00:28"]
[BlackClock "0:00:29"]

1. e4 d6 2. d4 Nf6 3. Nc3 Nbd7 4. Nf3 e5 5. Bc4 Be7 6. O-O c6 7. a4 Qc7 8. Re1 h6 9. a5 Nf8 10. h3 g5 11. Be3 Ng6 12. Bf1 Nf4 13. Nd2 Bd7 14. Nc4 Rd8 15. Qf3 Rg8 16. dxe5 dxe5 17. Bxa7 g4 18. hxg4 Bxg4 19. Qe3 Qc8 20. Nxe5 N6h5 21. Bb6 Bh3 22. g3 Bxf1 23. Rxf1 Qh3 24. Qf3 Nxg3 25. fxg3 Rxg3+ 26. Kf2 Qh2+ 27. Ke3 Qd2# 0-1


[Site "https://www.chess.com"]

[Event "Titled Tuesday Blitz January 10 Early 2023"]
[White "Khalafova, Narmin"]
[Black "Kozin, Yuri"]
[WhiteFideId "13402625"]
[BlackFideId "4129920"]
[WhiteElo "2246"]
[BlackElo "2251"]
[Result "1-0"]
[Round "07"]
[TimeControl "180+2"]
[Date "2023.01.10"]
[WhiteClock "0:00:48"]
[BlackClock "0:00:05"]

1. e4 c5 2. Be2 e6 3. f4 d6 4. Nf3 Nf6 5. d3 c4 6. O-O cxd3 7. Bxd3 Be7 8. Nc3 O-O 9. Kh1 a6 10. Be3 Qc7 11. Qe1 b5 12. Qg3 b4 13. Nd1 Bb7 14. Nf2 Nbd7 15. Rae1 Nc5 16. Bd4 Nxd3 17. cxd3 g6 18. e5 Nh5 19. Qg4 Bxf3 20. Qxf3 dxe5 21. fxe5 Rac8 22. Ne4 Qc6 23. Be3 f5 24. exf6 Nxf6 25. Bh6 Rf7 26. Ng5 Qxf3 27. Rxf3 Rc2 28. Ref1 Rc5 29. Nxf7 Kxf7 30. g4 g5 31. h4 Kg6 32. Bxg5 Nd5 33. Bxe7 Nxe7 34. Rf6+ Kg7 35. Rf7+ 1-0


[Site "https://www.chess.com"]

[Event "Titled Tuesday Blitz January 10 Early 2023"]
[White "Kaminski, Victor"]
[Black "Parpiev, Isaak"]
[WhiteFideId "1131630"]
[BlackFideId "34281576"]
[WhiteElo "2247"]
[BlackElo "2167"]
[Result "0-1"]
[Round "07"]
[TimeControl "180+2"]
[Date "2023.01.10"]
[WhiteClock "0:00:46"]
[BlackClock "0:01:14"]

1. e4 e5 2. Nf3 Nc6 3. Bb5 a6 4. Ba4 Nf6 5. O-O Be7 6. d3 b5 7. Bb3 O-O 8. Nc3 d6 9. a4 Rb8 10. axb5 axb5 11. Nd5 Be6 12. Ra6 Bxd5 13. exd5 Nb4 14. c4 Nxa6 15. cxb5 Nb4 16. Bc4 Nbxd5 17. d4 e4 18. Ng5 h6 19. Nxe4 Nxe4 20. Bxd5 Nf6 21. Bc6 d5 22. Qf3 Bd6 23. Bd2 Re8 24. Bxe8 Qxe8 25. Bxh6 Qe4 26. Qxe4 Nxe4 27. Bc1 Rxb5 28. f3 Nf6 29. Re1 Rb4 30. Rd1 Nd7 31. Kf2 Nb6 32. Rd2 Bf4 33. Rc2 Bxc1 34. Rxc1 Rxb2+ 35. Kg3 Nc4 36. Re1 Kf8 37. Ra1 Ke7 38. Ra7 Kd7 39. Rb7 Rxb7 0-1


[Site "https://www.chess.com"]

[Event "Titled Tuesday Blitz January 10 Early 2023"]
[White "Berezin, Viktor"]
[Black "Jiganchine, Roman"]
[WhiteFideId "14107872"]
[BlackFideId "2603667"]
[WhiteElo "2307"]
[BlackElo "2205"]
[Result "1-0"]
[Round "07"]
[TimeControl "180+2"]
[Date "2023.01.10"]
[WhiteClock "0:01:13"]
[BlackClock "0:00:07"]

1. d4 d5 2. c4 e6 3. Nf3 Nf6 4. g3 c6 5. Bg2 Be7 6. O-O O-O 7. Nc3 Nbd7 8. Qc2 b6 9. e4 Bb7 10. e5 Ne8 11. cxd5 cxd5 12. h4 Rc8 13. Bg5 h6 14. Bxe7 Qxe7 15. Rac1 Nc7 16. h5 Nb5 17. Qd2 Nxc3 18. bxc3 Ba6 19. Rfe1 Bc4 20. Qf4 Rc7 21. g4 Rfc8 22. g5 hxg5 23. Nxg5 Nf8 24. Re3 Nh7 25. Rg3 Nxg5 26. Rxg5 Kh8 27. h6 g6 28. Rg3 Bxa2 29. Qe3 b5 30. Ra1 Bc4 31. f4 b4 32. cxb4 Qxb4 33. f5 exf5 34. e6 Re7 35. Qe5+ f6 36. Qxf6+ Kh7 37. Qxg6+ Kh8 38. Qf6+ Kh7 39. Rg7+ Kh8 40. Rxe7+ Kg8 41. Qf7+ Kh8 42. Qh7# 1-0


[Site "https://www.chess.com"]

[Event "Titled Tuesday Blitz January 10 Early 2023"]
[White "Balint, Vilmos"]
[Black "Ronka, Erik"]
[WhiteFideId "718050"]
[BlackFideId "505080"]
[WhiteElo "2169"]
[BlackElo "2276"]
[Result "0-1"]
[Round "07"]
[TimeControl "180+2"]
[Date "2023.01.10"]
[WhiteClock "0:02:01"]
[BlackClock "0:00:21"]

1. e4 Nf6 2. e5 Nd5 3. Nf3 d6 4. exd6 exd6 5. h3 Be7 6. d4 O-O 7. c4 Nf6 8. Bd3 d5 9. c5 b6 10. cxb6 axb6 11. O-O Ba6 12. Nc3 Bxd3 13. Qxd3 h6 14. Re1 Bd6 15. Nb5 Nc6 16. Nxd6 Qxd6 17. Bd2 Ne4 18. a3 Rfd8 19. Rac1 Ne7 20. g3 c5 21. Bf4 Qd7 22. Ne5 Qxh3 23. Rxe4 dxe4 24. Qxe4 cxd4 25. Rc7 Qe6 26. Rd7 Ng6 27. Rxd4 Rxd4 28. Qxa8+ Kh7 29. Nf3 Rd1+ 30. Kg2 Nxf4+ 31. gxf4 Qg4+ 0-1


[Site "https://www.chess.com"]

[Event "Titled Tuesday Blitz January 10 Early 2023"]
[White "Wilson, Elvin"]
[Black "Baches Garcia, Guillermo"]
[WhiteFideId "2014874"]
[BlackFideId "2209764"]
[WhiteElo "2183"]
[BlackElo "2327"]
[Result "1-0"]
[Round "07"]
[TimeControl "180+2"]
[Date "2023.01.10"]
[WhiteClock "0:00:17"]
[BlackClock "0:00:01"]

1. c4 e5 2. Nc3 Nf6 3. g3 d5 4. cxd5 Nxd5 5. Bg2 Nb6 6. e3 Be7 7. Nge2 O-O 8. O-O c5 9. f4 Nc6 10. Bxc6 bxc6 11. fxe5 c4 12. b3 Ba6 13. bxc4 Bxc4 14. d4 c5 15. Rf2 Rc8 16. Ba3 cxd4 17. Bxe7 Qxe7 18. exd4 Rfd8 19. Qb1 Nd5 20. Qe4 Nxc3 21. Nxc3 Be6 22. Qe3 Qb4 23. Ne2 Bd5 24. Rd1 Ba8 25. Nf4 Qb6 26. Rfd2 Re8 27. Kf2 Rcd8 28. h4 Qb7 29. d5 Qc7 30. e6 fxe6 31. Nxe6 Qf7+ 32. Qf4 Qxf4+ 33. Nxf4 Rd7 34. Re2 Red8 35. Re5 h6 36. h5 Kf7 37. Rd4 Rd6 38. g4 R8d7 39. Ke3 Kf6 40. Rf5+ Ke7 41. Re5+ Kd8 42. Ke4 Rf7 43. Ne6+ Kd7 44. Nc5+ Kd8 45. Ne6+ Kd7 46. Nf4 Rf8 47. Ng6 Rb8 48. Rf5 Rb1 49. Rf7+ Ke8 50. Rxg7 Rf1 51. Nf4 1-0


[Site "https://www.chess.com"]

[Event "Titled Tuesday Blitz January 10 Early 2023"]
[White "Rychkov, Roman"]
[Black "Gheorghiu, Calin"]
[WhiteFideId "30985595"]
[BlackFideId "1200305"]
[WhiteElo "2023"]
[BlackElo "2313"]
[Result "0-1"]
[Round "07"]
[TimeControl "180+2"]
[Date "2023.01.10"]
[WhiteClock "0:00:07"]
[BlackClock "0:00:26"]

1. e4 b6 2. d4 Bb7 3. Nc3 e6 4. a3 d5 5. exd5 exd5 6. Nf3 Nf6 7. Bb5+ Nbd7 8. O-O Be7 9. h3 O-O 10. Bf4 a6 11. Bd3 c5 12. Ne2 Re8 13. c3 Nf8 14. Re1 Ng6 15. Be3 Bd6 16. Qc1 Rc8 17. dxc5 bxc5 18. Nf4 d4 19. Nxg6 dxe3 20. Ngh4 exf2+ 21. Kxf2 c4 22. Bf5 Qb6+ 23. Nd4 Rxe1 24. Kxe1 Bg3+ 25. Kf1 Re8 26. Nhf3 Bxf3 27. gxf3 Re1+ 28. Qxe1 Bxe1 29. Rxe1 g6 30. Bc8 Qxb2 31. Bxa6 Qxc3 32. Rd1 Nd5 33. Kf2 Ne3 34. Ne2 Nxd1+ 35. Kg2 0-1


[Site "https://www.chess.com"]

[Event "Titled Tuesday Blitz January 10 Early 2023"]
[White "Shohat, Yotam"]
[Black "Afanasieva, Alexandra"]
[WhiteFideId "2813955"]
[BlackFideId "34126926"]
[WhiteElo "2346"]
[BlackElo "1857"]
[Result "1-0"]
[Round "07"]
[TimeControl "180+2"]
[Date "2023.01.10"]
[WhiteClock "0:00:48"]
[BlackClock "0:00:02"]

1. e4 c5 2. Nf3 e6 3. d3 Nc6 4. g3 g6 5. Bg2 Bg7 6. O-O Nge7 7. Re1 O-O 8. e5 d5 9. exd6 Qxd6 10. Nbd2 b6 11. Nc4 Qd8 12. Bf4 Nd5 13. Bd2 Bb7 14. a4 Qc7 15. h4 a6 16. c3 Rad8 17. h5 b5 18. axb5 axb5 19. h6 Bh8 20. Ne3 Nf6 21. Qe2 Ne7 22. Ra7 Qb6 23. Rea1 Ned5 24. Nxd5 Bxd5 25. R1a6 Qb8 26. Bf4 Qc8 27. Be5 1-0


[Site "https://www.chess.com"]

[Event "Titled Tuesday Blitz January 10 Early 2023"]
[White "Martinez, Shawn"]
[Black "Kupervaser, Erez"]
[WhiteFideId "2039770"]
[BlackFideId "2814587"]
[WhiteElo "1881"]
[BlackElo "2269"]
[Result "1-0"]
[Round "07"]
[TimeControl "180+2"]
[Date "2023.01.10"]
[WhiteClock "0:01:41"]
[BlackClock "0:01:37"]

1. e4 g6 2. d4 Nf6 3. Nc3 d5 4. e5 Ne4 5. Bd3 Nxc3 6. bxc3 c5 7. dxc5 Nc6 8. f4 Qa5 9. Bd2 Qxc5 10. Nf3 Bg4 11. h3 Bxf3 12. Qxf3 e6 13. Rb1 O-O-O 14. Rb5 Qa3 15. O-O Bc5+ 16. Kh2 g5 17. Rfb1 Bb6 18. Be3 Bxe3 19. Qxe3 b6 20. Rxb6 axb6 21. Qxb6 Kd7 22. Qb7+ Ke8 23. Qxc6+ Kf8 24. Rb7 Kg7 25. Qxe6 Rhf8 26. Qf6+ Kg8 27. Qxg5+ Kh8 28. Qh6 1-0


[Site "https://www.chess.com"]

[Event "Titled Tuesday Blitz January 10 Early 2023"]
[White "Heinemann, Josefine"]
[Black "Ruiz Aguilar, Pablo Alexander"]
[WhiteFideId "12900460"]
[BlackFideId "4401352"]
[WhiteElo "2289"]
[BlackElo "2161"]
[Result "0-1"]
[Round "07"]
[TimeControl "180+2"]
[Date "2023.01.10"]
[WhiteClock "0:00:17"]
[BlackClock "0:00:35"]

1. e4 c5 2. Nf3 e6 3. g3 a6 4. Bg2 Nc6 5. O-O d6 6. d4 cxd4 7. Nxd4 Qc7 8. c4 Nf6 9. Nc3 Be7 10. Nxc6 bxc6 11. b3 e5 12. c5 dxc5 13. Na4 Be6 14. Qc2 Nd7 15. Be3 c4 16. bxc4 c5 17. Rfd1 O-O 18. Bf1 Nb6 19. Nxb6 Qxb6 20. Rab1 Qc6 21. Rd5 Bxd5 22. cxd5 Qc7 23. f4 f6 24. Bh3 Bd6 25. Be6+ Kh8 26. fxe5 fxe5 27. Kg2 c4 28. Rc1 Qa5 29. Qxc4 Qa3 30. Rc3 Qb2+ 31. Rc2 Qb1 32. Qe2 Rab8 33. h4 a5 34. h5 h6 35. Bf5 a4 36. Rd2 a3 37. Qg4 Rf6 38. Rf2 Rb2 39. Bg6 Rf8 40. Bf5 Rxf2+ 41. Bxf2 Rf6 42. Bg6 Qxa2 43. Bf5 Qb2 44. Qd1 a2 45. Qa4 a1=Q 46. Qe8+ Bf8 0-1


[Site "https://www.chess.com"]